 Dungeon Crawl Stone Soup version 0.28.0-53-g5a82cb258f (webtiles) character file.

Game seed: 9641399460353637008

32 Peloso the Covered (level 3, -6/33 HPs)
             Began as a Minotaur Fighter on July 28, 2022.
             Mangled by a worm (9 damage)
             ... on level 3 of the Dungeon.
             The game lasted 00:01:14 (1029 turns).

Peloso the Covered (Minotaur Fighter)               Turns: 1029, Time: 00:01:15

Health: -6/33      AC:  7    Str: 20    XL:     3   Next: 10%
Magic:  2/2        EV:  9    Int:  5    God:
Gold:   99         SH:  4    Dex: 11    Spells: 2/2 levels left

rFire   . . .      SeeInvis .   a - +0 long sword
rCold   . . .      Faith    .   c - +0 buckler
rNeg    . . .      Spirit   .   b - +0 scale mail
rPois   .          Reflect  .   (helmet restricted)
rElec   .          Harm     .   (no cloak)
rCorr   .          Rampage  .   (no gloves)
Will    .....                   (no boots)
Stlth   ..........              (no amulet)
HPRegen 0.11/turn               (no ring)
MPRegen 0.08/turn               (no ring)

@: no status effects
A: horns 2, retaliatory headbutt
a: no special abilities


You were on level 3 of the Dungeon.
You visited 1 branch of the dungeon, and saw 3 of its levels.

You collected 99 gold pieces.

Inventory:

Hand Weapons
 a - a +0 long sword (weapon)
Armour
 b - a +0 scale mail (worn)
 c - a +0 buckler (worn)
Jewellery
 e - an amulet of reflection
Scrolls
 g - a scroll of identify {unknown}
Potions
 d - a potion of might
 f - a potion of lignification {unknown}


   Skills:
 + Level 4.0 Fighting
 + Level 2.8 Long Blades
 + Level 4.4 Armour
 + Level 3.9 Shields


You had 2 spell levels left.
You didn't know any spells.
Your spell library was empty.

Dungeon Overview and Level Annotations

Branches:
Dungeon (3/15)

Altars:

Annotations:
D:2 Sigmund


Innate Abilities, Weirdness & Mutations

You have a pair of horns on your head.
You reflexively headbutt those who attack you in melee.


Message History

You are poisoned.
The adder poisons you! The adder bites you but does no damage.
You slash the adder!
You kill the adder!
You feel sick.
A worm comes into view.
You have reached level 3!
Your experience leads to an increase in your attributes!
Increase (S)trength, (I)ntelligence, or (D)exterity?
You feel agile. x2
You feel sick.
You feel sick.
You feel sick.
You feel sick.
You are no longer poisoned.
The worm bites you but does no damage.
You barely miss the worm. You hit the worm.
The worm is moderately wounded.
The worm bites you!
* * * LOW HITPOINT WARNING * * *
You hit the worm.
The worm is heavily wounded.
The worm closely misses you.
You hit the worm but do no damage. You headbutt the worm.
The worm is heavily wounded.
The worm bites you!
* * * LOW HITPOINT WARNING * * *
You barely miss the worm. You headbutt the worm.
The worm is almost dead.
The worm barely misses you.
You barely miss the worm.
The worm is severely wounded.
You barely miss the worm.
The worm is severely wounded.
The worm bites you but does no damage.
You hit the worm.
The worm is almost dead.
The worm bites you!
You die...

#.......# ####.####
#.# #.# . #.# #. #.#
.. #.# .# ############
#.#..#.#.
......w@...###........
.#########.)...##.###.
#####.# .. #.# ## ...
#.#. #.#.# ..# # ##


You could see a worm.

Vanquished Creatures
  An adder (D:3)
  A worm (D:2)
  A bat (D:1)
  An endoplasm (D:1)
  A giant cockroach (D:1)
  A goblin (D:1)
  2 hobgoblins
  4 jackals (D:1)
  A ball python (D:1)
  A frilled lizard (D:1)
  5 kobolds
  A rat (D:2)
20 creatures vanquished.

Notes
Turn   | Place    | Note
-------+----------+-------------------------------------------
     0 | D:1      | Peloso the Minotaur Fighter began the quest for the Orb.
     0 | D:1      | Reached XP level 1. HP: 19/19 MP: 0/0
   157 | D:1      | Reached XP level 2. HP: 25/27 MP: 1/1
   935 | D:2      | Noticed Sigmund
  1018 | D:3      | Reached XP level 3. HP: 19/33 MP: 2/2
  1029 | D:3      | Mangled by a worm

Illustrated notes

Levels and vault maps discovered:
D:1:      minmay_arrival_glassed_features, layout_basic
D:2:      layout_loops_ring, uniq_sigmund, uniq_crazy_yiuf_cottage
D:3:      layout_loops_cross, vehumet_altar_wand_db,
          shapermc_ecumenical_altar_ellora, portal_sewer_entry_e

Skill      XL: |  1  2 |
---------------+-------+-----
Armour         | 4 |  4.4
Fighting       | 4 |  4.0
Long Blades    | |  2.8
Shields        | |  3.9

Action                   || total
-------------------------++-------
Melee: Long sword        ||    44
       Headbutt          ||     5
Armor: Scale mail        ||    14
Dodge: Dodged            ||    18
Block: Buckler           ||    10
